Map: Magannatha LE

Players

SubN

  • Race: Zerg Zerg
  • League: Diamond
  • Spawn Location: 11:00

Newbie - Winner!

  • Race: Zerg Zerg
  • League: Diamond
  • Spawn Location: 5:00

VOD

Have the link to the VOD?

Description

Time

  • Played on: July 26, 2025, 8:35 p.m.
  • Length: 4:25
Show
View Real Time Build Order
Export as new Build Order

SubN Zerg 

Build Orders: Hatch First 

Get SALT Encoding   

  12  0:00  Drone  
  13  0:12  Overlord  
  13  0:20  Drone  
  14  0:30  Drone x2  
  16  0:49  Hatchery  
  15  0:50  Drone  
  15  0:55  Drone  
  17  0:57  Extractor  
  17  0:58  Drone  
  17  1:14  Spawning Pool  
  17  1:17  Drone  
  17  1:24  Overlord  
  17  1:28  Drone  
  18  1:46  Drone  
  19  2:01  Queen x2  
  19  2:04  Drone  
  19  2:05  Drone  
  25  2:11  Drone x2  
  27  2:26  Spine Crawler  
  25  2:33  Zergling x8  
  27  2:55  Drone  
  28  3:00  Overlord  
  28  3:04  Overlord  
  28  3:13  Overlord  
  28  3:18  Queen  
  30  3:24  Drone x6  
  37  3:41  Drone x2  
  37  3:45  Drone x2  
  40  3:54  Drone x2  
  42  3:58  Extractor  
  42  4:02  Evolution Chamber  
  40  4:08  Roach Warren  
  40  4:10  Evolution Chamber  
Show
View Real Time Build Order
Export as new Build Order

Newbie Zerg - Winner!

Build Orders: Pool First, Zergling Baneling 

Get SALT Encoding   

  12  0:00  Drone  
  13  0:13  Overlord  
  13  0:18  Drone  
  14  0:32  Drone x2  
  16  0:43  Spawning Pool  
  16  0:45  Drone  
  16  0:51  Drone  
  17  0:58  Drone  
  18  1:05  Extractor  
  17  1:17  Hatchery  
  16  1:30  Zergling x6  
  19  1:36  Queen  
  21  1:50  Baneling Nest  
  21  1:53  Overlord  
  20  1:58  Drone  
  21  2:03  Drone  
  22  2:16  Queen  
  22  2:21  Drone  
  25  2:28  Metabolic Boost  
  25  2:37  Drone x2  
  26  2:47  Drone  
  26  2:48  Drone x2  
  26  2:50  Zergling x2  
  30  3:04  Zergling x8  
  34  3:09  Overlord  
  34  3:17  Baneling x5  
  34  3:21  Zergling x2  
  35  3:30  Baneling  
  35  3:32  Baneling  
  35  3:36  Zergling x10  
  40  3:41  Baneling  
  40  3:49  Baneling  
  40  3:51  Overlord  
  40  3:56  Zergling x6  
Tags
 
Add a new tag
Caveats
  • Supply blocks, unpowered buildings, or Contaminate may cause inaccurate times.
  • Supply counts are checked every 10 seconds.